 Dungeon Crawl Stone Soup version 0.21-a0-185-g3a6ed1e (webtiles) character file.

112 tehllama the Insei (level 4, -3/28 HPs)
             Began as an Octopode Transmuter on Aug 12, 2017.
             Slain by a gnoll
             ... wielding a cursed -2 whip
              (7 damage)
             ... on level 3 of the Dungeon.
             The game lasted 00:04:10 (1995 turns).

tehllama the Insei (Octopode Transmuter)            Turns: 1995, Time: 00:04:10

Health: -3/28      AC:  1    Str: 10    XL:     4   Next: 95%
Magic:  6/7        EV: 13    Int: 15    God:
Gold:   90         SH:  0    Dex: 12    Spells: 6/7 levels left

rFire    . . .     SeeInvis .   k - +0 whip (elec)
rCold    . . .     Gourm    .   (no shield)
rNeg     . . .     Faith    .   (helmet restricted)
rPois    +         Spirit   .   (no amulet)
rElec    .         Reflect  .   i - ring of flight
rCorr    .         Harm     .   e - ring of protection from magic
MR       +....                  n - ring of poison resistance
Stlth    +++.......             (no ring)
HPRegen  0.09/turn              (no ring)
MPRegen  0.10/turn              (no ring)
                                (no ring)
                                (no ring)

@: appendage (expiring), hasted, very quick
A: almost no armour, stealthy swim, amphibious, 8 rings, constrict 8, tentacle
spike 3, camouflage 1, gelatinous body 1
a: End Transformation, Evoke Flight


You were on level 3 of the Dungeon.
You were not hungry.
One of your tentacles had a temporary spike.
You visited 1 branch of the dungeon, and saw 3 of its levels.

You collected 90 gold pieces.

Inventory:

Hand Weapons
 k - a +0 whip of electrocution (weapon)
Missiles
 a - 20 arrows
Jewellery
 e - a ring of protection from magic (right tentacle)
 i - a ring of flight (left tentacle)
 n - a ring of poison resistance (on tentacle)
Scrolls
 g - a scroll of amnesia
 m - a scroll of enchant armour {unknown}
Potions
 h - a potion of mutation {unknown}
 l - a potion of berserk rage {unknown}
Books
 b - a book of Changes

   Spells                             Type                      Level
   a - Beastly Appendage              Transmutation                1
   b - Sticks to Snakes               Transmutation                2
   c - Spider Form                    Transmutation/Poison         3
   d - Ice Form                       Ice/Transmutation            4
   e - Blade Hands                    Transmutation                5
Comestibles
 c - 3 bread rations
 f - 4 chunks of flesh
 j - a meat ration


   Skills:
 - Level 1.0 Fighting
 - Level 2.0 Dodging
 + Level 3.2 Stealth
 + Level 4.8 Unarmed Combat
 - Level 2.0 Spellcasting
 - Level 2.0 Transmutations


You had 6 spell levels left.
You knew the following spells:

 Your Spells              Type           Power        Failure   Level  Hunger
a - Beastly Appendage     Tmut           #.....       10%         1    #......


Dungeon Overview and Level Annotations

Branches:
Dungeon (3/15)

Altars:
Uskayaw


Innate Abilities, Weirdness & Mutations

You cannot wear most types of armour.
You are very stealthy in the water. (Stealth+)
You are amphibious.
You can wear up to eight rings at the same time.
You can use your tentacles to constrict eight enemies at once.
Your skin changes colour to match your surroundings (Stealth+).
Your rubbery body absorbs attacks. (AC +1, EV +1)
One of your tentacles bears a large vicious spike.


Message History

The gnoll barely misses you. The gnoll hits you with a spear.
Things that are here:
a halberd; a gnoll corpse You hit the gnoll but do no damage.
You grab the gnoll.
You pierce the gnoll, but do no damage.
You squeeze the gnoll!
The gnoll is heavily wounded.
You constrict the gnoll. You hit the gnoll but do no damage.
You pierce the gnoll.
The gnoll is severely wounded.
You constrict the gnoll.
The gnoll hits you with an enchanted whip.
The gnoll hits you with a spear.
* * * LOW HITPOINT WARNING * * *
You are too injured to fight recklessly!
You are too injured to fight recklessly!
You are too injured to fight recklessly!
You hit the gnoll. You squeeze the gnoll.
You kill the gnoll!
The gnoll hits you with an enchanted whip!
You die...

......#
####.####
##.#......
#.......#
##.#.##.<.
#.##.##.#
#..# # .. #
#.##.# #.##
#. #....# #.
####.#####.#
..
#.......##.#
#
#.##.......#
#......@##.#
#.##...gg..#
.....##.####
#.## #.# #
..# ..# ###


You could see 2 gnolls.

Vanquished Creatures
  4 adders (D:2)
  2 gnolls (D:3)
  An ooze (D:1)
  A worm (D:2)
  2 dart slugs
  2 leopard geckos (D:1)
  An orc (D:3)
  10 bats
  3 goblins
  5 hobgoblins (D:1)
  5 kobolds
  3 frilled lizards
  8 rats
47 creatures vanquished.

Notes
Turn   | Place    | Note
-------+----------+-------------------------------------------
     0 | D:1      | tehllama the Octopode Transmuter began the quest for the Orb.
     0 | D:1      | Reached XP level 1. HP: 13/13 MP: 3/3
   604 | D:1      | Reached XP level 2. HP: 18/18 MP: 3/5
   803 | D:1      | Reached skill level 4 in Unarmed Combat
   850 | D:1      | Reached XP level 3. HP: 20/23 MP: 4/6
  1227 | D:1      | Reached skill level 1 in Stealth
  1268 | D:2      | Reached XP level 4. HP: 12/28 MP: 7/7
  1589 | D:2      | Found a hide-covered altar of Uskayaw.
  1592 | D:2      | Noticed a dagger
  1593 | D:2      | Noticed a hand axe
  1995 | D:3      | Slain by a gnoll

Vault maps used:
D:1:      scummos_arrival_simple_fountains, minmay_pentomino_p2
D:2:      dancing_weapons_uskayaw, first_bread
D:3:      cheibrodos_greedy_goblins

Skill      XL: |  1  2  3  4 |
---------------+-------------+-----
Unarmed Combat | 4 |  4.8
Stealth        | 2 3 |  3.2
Fighting       | |  1.0
Dodging        | |  2.0
Spellcasting   | |  2.0
Transmutations | |  2.0

Action                   |  1- 3 |  4- 6 || total
-------------------------+-------+-------++-------
Melee: Unarmed           |    50 |       ||    50
       Constrict         |    14 |     8 ||    22
       Tentacles         |    11 |     3 ||    14
       Kick              |     9 |    12 ||    21
       Whip              |    19 |    33 ||    52
       Punch             |       |     2 ||     2
 Cast: Beastly Appendage |    17 |    11 ||    28
  Use: Scroll            |       |     6 ||     6
       Potion            |       |     2 ||     2
 Stab: Sleeping          |     4 |     6 ||    10
  Eat: Chunk             |     1 |     3 ||     4
Armor: Skin              |     9 |     5 ||    14
Dodge: Dodged            |    50 |    18 ||    68
